 Dungeon Crawl Stone Soup version 0.23-a0-767-gdc19b93d68 (webtiles) character file.

51 LLavrengius the Skirmisher (level 4, -5/37 HPs)
             Began as a Formicid Abyssal Knight on Jan 21, 2019.
             Was a Believer of Lugonu.
             Slain by a gnoll
             ... wielding a +0 flail
              (11 damage)
             ... on level 2 of the Dungeon.
             The game lasted 00:03:36 (923 turns).

LLavrengius the Skirmisher (Formicid Abyssal Knight) Turns: 923, Time: 00:03:37

Health: -5/37      AC:  3    Str: 17    XL:     4   Next: 7%
Magic:  6/6        EV: 11    Int: 12    God:    Lugonu [**....]
Gold:   20         SH:  0    Dex: 10    Spells: 3/3 levels left

rFire    . . .     SeeInvis +   a - +1 falchion
rCold    . . .     Gourm    .   (no shield)
rNeg     . . .     Faith    .   b - +0 leather armour
rPois    .         Spirit   .   (helmet unavailable)
rElec    .         Reflect  .   (no cloak)
rCorr    .         Harm     .   (no gloves)
MR       +....                  (no boots)
Stlth    +.........             (no amulet)
HPRegen  0.12/turn              i - ring of protection from magic
MPRegen  0.10/turn              (no ring)

@: no status effects
A: permanent stasis, dig shafts and tunnels, four strong arms, antennae 3
a: Dig, Shaft Self, Depart the Abyss, Bend Space, Renounce Religion


You were on level 2 of the Dungeon.
You worshipped Lugonu.
Lugonu was pleased with you.
You were not hungry.

You visited 1 branch of the dungeon, and saw 2 of its levels.
You visited the Abyss 1 time.

You collected 20 gold pieces.

Inventory:

Hand Weapons
 a - a +1 falchion (weapon)
 e - a +1 dagger of holy wrath
Armour
 b - a +0 leather armour (worn)
Jewellery
 i - a ring of protection from magic (left hand)
Scrolls
 d - 6 scrolls of identify {unknown}
 g - 3 scrolls of teleportation {unknown}
 h - a scroll of amnesia {unknown}
Comestibles
 c - 3 rations
 f - 2 chunks of flesh


   Skills:
 + Level 4.1 Fighting
 + Level 2.6 Long Blades
 - Level 2.3 Armour
 - Level 1.2 Dodging
 + Level 2.7 Invocations


You had 3 spell levels left.
You didn't know any spells.
Your spell library was empty.

Dungeon Overview and Level Annotations

Branches:
Dungeon (2/15)

Altars:


Innate Abilities, Weirdness & Mutations

You cannot be hasted, slowed, berserked, paralysed or teleported.
You can dig through walls and to a lower floor.
Your four strong arms can wield two-handed weapons with a shield.
You have a pair of large antennae on your head. (SInv)


Message History

The gnoll is lightly wounded.
The gnoll hits you with a +0 flail! The giant cockroach barely misses you.
You riposte.
You closely miss the giant cockroach. The giant cockroach closely misses you.
You riposte.
You hit the giant cockroach.
You kill the giant cockroach!
Lugonu accepts your kill.
You see here 24 arrows.
You hit the gnoll.
The gnoll is moderately wounded.
The gnoll hits you with a +0 flail!
You are too injured to fight recklessly!
You closely miss the gnoll.
The gnoll is moderately wounded.
The gnoll hits you with a +0 flail!
* * * LOW HITPOINT WARNING * * *
You slash the gnoll!
The gnoll is almost dead.
The gnoll hits you with a +0 flail!
You die...

♣ ♣♣♣ .♣%.♣♣
♣....♣
.(.(.♣
♣...$♣
♣♣♣...♣
♣♣g..♣
♣♣@♣♣.♣
♣.♣♣♣♣♣ ♣
♣♣.♣ .♣ ♣.♣♣
♣♣.♣ ♣♣.♣
..♣ ♣.♣♣
♣♣♣♣♣♣♣.♣
♣♣.♣
♣♣...♣♣..♣
♣.♣♣
♣♣†♣♣.♣..♣
♣.♣
♣.♣♣♣♣.♣.♣♣♣


You could see a gnoll.

Vanquished Creatures
  4 dart slugs
  A ball python (D:1)
  8 bats
  2 giant cockroaches
  8 goblins
  4 hobgoblins
  6 frilled lizards
  2 kobolds (D:1)
  5 rats
40 creatures vanquished.

Notes
Turn   | Place    | Note
-------+----------+-------------------------------------------
     0 | Abyss:1  | LLavrengius the Formicid Abyssal Knight began the quest for
                  | the Orb.
     0 | Abyss:1  | Reached XP level 1. HP: 18/18 MP: 2/2
    70 | Abyss:1  | Noticed a necromancer
    94 | Abyss:1  | Noticed a small abomination
   103 | D:1      | Escaped the Abyss
   121 | D:1      | You fall through a shaft!
   144 | D:1      | Reached skill level 1 in Dodging
   145 | D:1      | Reached * piety under Lugonu
   154 | D:1      | Reached XP level 2. HP: 16/24 MP: 3/3
   361 | D:1      | Reached XP level 3. HP: 30/30 MP: 4/4
   423 | D:1      | Reached skill level 4 in Fighting
   862 | D:2      | Reached ** piety under Lugonu
   894 | D:2      | Reached XP level 4. HP: 31/37 MP: 4/6
   923 | D:2      | Slain by a gnoll

Vault maps used:
D:1:      psy_arrival_heroes
D:2:      kb_forest_paths, marbit_many_paths, first_ration,
          nicolae_dithmenos_shadow_blocks

Skill      XL: |  1  2  3 |
---------------+----------+-----
Dodging        | 1 |  1.2
Fighting       | 4 |  4.1
Long Blades    | |  2.6
Armour         | |  2.3
Invocations    | |  2.7

Action                   |  1- 3 |  4- 6 || total
-------------------------+-------+-------++-------
Melee: Falchion          |    85 |     5 ||    90
Invok: Depart the Abyss  |     1 |       ||     1
 Abil: Dig               |     1 |       ||     1
Armor: Leather armour    |    29 |       ||    29
Dodge: Dodged            |    68 |     8 ||    76
       Rpst.: Falchion   |    24 |     7 ||    31

Table legend:
 A = Non-vault XP
 B = Vault XP
 C = Vault XP percentage of total XP
 D = Non-vault monster count
 E = Vault monster count
 F = Vault count percentage of total count
                 A         B        C        D         E       F
            +---------+---------+-------+---------+---------+-------
      Total |      68 |       6 |   8.1 |      36 |       4 |  10.0
            +---------+---------+-------+---------+---------+-------
        D:1 |      55 |       0 |   0.0 |      31 |       0 |   0.0
        D:2 |      13 |       6 |  31.6 |       5 |       4 |  44.4
            +---------+---------+-------+---------+---------+-------
